 Dungeon Crawl Stone Soup version 0.27-a0-522-g46bbb28828 (webtiles) character file.

Game seed: 9384857151984258774

35 kae the Skirmisher (level 3, -1/33 HPs)
             Began as a Hill Orc Fighter on Mar 4, 2021.
             Slain by a gnoll
             ... wielding a +0 spear
              (2 damage)
             ... on level 2 of the Dungeon.
             The game lasted 00:00:22 (916 turns).

kae the Skirmisher (Hill Orc Fighter)                Turns: 916, Time: 00:00:22

Health: -1/33      AC:  6    Str: 19    XL:     3   Next: 35%
Magic:  3/3        EV:  7    Int:  8    God:
Gold:   79         SH:  9    Dex: 10    Spells: 2/2 levels left

rFire    . . .     SeeInvis .   a - +0 war axe
rCold    . . .     Faith    .   c - +0 kite shield
rNeg     . . .     Spirit   .   b - +0 scale mail
rPois    .         Reflect  .   (no helmet)
rElec    .         Harm     .   (no cloak)
rCorr    .         Rampage  .   (no gloves)
Will     .....                  (no boots)
Stlth    ..........             (no amulet)
HPRegen  0.11/turn              (no ring)
MPRegen  0.08/turn              (no ring)

@: no status effects
A: no striking features
a: no special abilities


You were on level 2 of the Dungeon.
You visited 1 branch of the dungeon, and saw 2 of its levels.

You collected 79 gold pieces.

Inventory:

Hand Weapons
 a - a +0 war axe (weapon)
Armour
 b - a +0 scale mail (worn)
 c - a +0 kite shield (worn)
Jewellery
 j - an amulet of regeneration
Scrolls
 e - a scroll of enchant weapon {unknown}
 g - a scroll of identify {unknown}
 l - a scroll of amnesia {unknown}
Potions
 d - a potion of might
 f - a potion of haste {unknown}
 h - 2 potions of flight {unknown}
 i - 2 potions of attraction {unknown}
 k - a potion of brilliance {unknown}


   Skills:
 + Level 4.1 Fighting
 * Level 4.0 Axes
 + Level 3.6 Armour
 - Level 3.2 Shields


You had 2 spell levels left.
You didn't know any spells.
Your spell library was empty.

Dungeon Overview and Level Annotations

Branches:
Dungeon (2/15)

Altars:


Message History

The gnoll is moderately wounded.
You barely miss the gnoll. You hit the gnoll.
The gnoll hits you but does no damage. x2; The gnoll hits you with a +0 spear.
The gnoll hits you but does no damage. The gnoll hits you with a +0 whip!
There are monsters nearby!
You slash the gnoll!
You kill the gnoll!
You hit the gnoll. x2; You block the gnoll's attack.
The gnoll hits you with a +0 whip. The gnoll barely misses you.
Your Axes skill increases to level 4!
You slash the gnoll!
The gnoll is almost dead.
You barely miss the gnoll. The gnoll hits you but does no damage.
The gnoll hits you with a +0 spear. The gnoll hits you with a +0 whip!
There are monsters nearby!
You are too injured to fight recklessly!
You are too injured to fight recklessly!
You are too injured to fight recklessly!
You are too injured to fight recklessly!
You are too injured to fight recklessly!
You are too injured to fight recklessly!
You hit the gnoll.
The gnoll is heavily wounded.
Your shield prevents you from hitting the gnoll.
The gnoll hits you with a +0 spear.
* * * LOW HITPOINT WARNING * * *
The gnoll closely misses you. x2
You hit the gnoll.
The gnoll is heavily wounded.
You barely miss the gnoll. The gnoll closely misses you.
The gnoll hits you with a +0 spear.
* * * LOW HITPOINT WARNING * * *
The gnoll barely misses you.
You barely miss the gnoll.
The gnoll is heavily wounded.
You barely miss the gnoll. The gnoll hits you but does no damage.
The gnoll hits you with a +0 whip.
* * * LOW HITPOINT WARNING * * *
The gnoll hits you with a +0 spear.
You die...

## !. ### #
.### #.. ..
... #.#
###.###.####
#.#
#.(...)g#..#
#.#
#...g@...#
#.#
########.#
#.# #.....#
#.###
#.#####
####...#.#
#.#
#...##.#.#
#.#
#.#.##.#.#
#.#
#.#.##.#.#
#.#
#.#.##.#)#
#.#


You could see 2 gnolls.

Vanquished Creatures
  A gnoll (D:2)
  3 dart slugs (D:1)
  A leopard gecko (D:1)
  A giant cockroach (D:1)
  3 goblins (D:1)
  A hobgoblin (D:1)
  4 bats (D:1)
  2 frilled lizards (D:1)
  A kobold (D:1)
  4 rats (D:1)
21 creatures vanquished.

Notes
Turn   | Place    | Note
-------+----------+-------------------------------------------
     0 | D:1      | kae the Hill Orc Fighter began the quest for the Orb.
     0 | D:1      | Reached XP level 1. HP: 19/19 MP: 1/1
    60 | D:1      | Reached XP level 2. HP: 26/27 MP: 2/2
   622 | D:1      | Reached XP level 3. HP: 33/33 MP: 3/3
   916 | D:2      | HP: 1/33 [gnoll/+0 whip (1)]
   916 | D:2      | Slain by a gnoll

Illustrated notes

Levels and vault maps discovered:
D:1:      dpeg_arrival_subterranean_lakeside_camping, layout_rooms,
          serial_aquarium, aquarium_bridge_long_joined [aquarium_subvault_wall,
          aquarium_subvault_bridge, aquarium_subvault_balcony,
          aquarium_subvault_window, aquarium_subvault_balcony,
          aquarium_subvault_wall], aquarium_bridge_island_small
          [aquarium_subvault_small_water, aquarium_subvault_balcony,
          aquarium_subvault_bridge, aquarium_subvault_bridge,
          aquarium_subvault_window], aquarium_window_fake, aquarium_window_1,
          aquarium_window_fake, aquarium_view_2c, aquarium_view_2a,
          aquarium_balcony_double_4
D:2:      layout_basic, elyvilon_altar_3

Skill      XL: |  1  2  3 |
---------------+----------+-----
Axes           | 3 4 |  4.0
Fighting       | 4 |  4.1
Armour         | |  3.6
Shields        | |  3.2

Action                   || total
-------------------------++-------
Melee: War axe           ||    81
Armor: Scale mail        ||    47
Dodge: Dodged            ||    39
Block: Kite shield       ||    55

Table legend: (Time is in decaauts)
 A = Elapsed time spent in this place.
 B = Non-inter-level travel time spent in this place.
 C = Inter-level travel time spent in this place.
 D = Time resting spent in this place.
 E = Time spent auto-exploring this place.
 F = Levels seen in this place.
 G = Mean time per level.
                   A        B        C        D        E       F      G
               +--------+--------+--------+--------+--------+-----+--------+
         Total |    965 |    929 |     36 |      0 |    739 |   2 |  482.5 |
       Dungeon |    965 |    929 |     36 |      0 |    739 |   2 |  482.5 |
               +--------+--------+--------+--------+--------+-----+--------+

Top non-repeatable levels by time:
     D:1: 907 daAuts
     D:2: 58 daAuts
